 Dungeon Crawl Stone Soup version 0.28.0 (webtiles) character file.

Game seed: 15110019908087405193

16 crazypyro the Chucker (level 2, -1/31 HPs)
             Began as an Ogre Hunter on Feb 4, 2022.
             Slain by a gnoll (10 damage)
             ... on level 2 of the Dungeon.
             The game lasted 00:00:43 (1325 turns).

crazypyro the Chucker (Ogre Hunter)                 Turns: 1325, Time: 00:00:44

Health: -1/31      AC:  3    Str: 15    XL:     2   Next: 54%
Magic:  2/2        EV: 10    Int: 12    God:
Gold:   27         SH:  0    Dex:  9    Spells: 1/1 levels left

rFire   . . .      SeeInvis .   a - +0 short sword
rCold   . . .      Faith    .   (no shield)
rNeg    . . .      Spirit   .   b - +0 robe
rPois   .          Reflect  .   (helmet restricted)
rElec   .          Harm     .   (no cloak)
rCorr   .          Rampage  .   (gloves unavailable)
Will    .....                   (boots unavailable)
Stlth   +.........              (no amulet)
HPRegen 0.10/turn               (no ring)
MPRegen 0.08/turn               (no ring)

@: no status effects
A: large, unfitting armour, tough skin 1
a: no special abilities


You were on level 2 of the Dungeon.
You visited 1 branch of the dungeon, and saw 2 of its levels.

You collected 27 gold pieces.

Inventory:

Hand Weapons
 a - a +0 short sword (weapon)
Missiles
 c - 3 large rocks (quivered)
 d - 2 throwing nets
Armour
 b - a +0 robe (worn)
Jewellery
 h - the ring of Pueguxt {rCorr Int+6 SInv}
   (You found it on level 2 of the Dungeon)

   [ring of intelligence]

   Int:       It affects your intelligence (+6).
   SInv:      It lets you see invisible.
   rCorr:     It protects you from acid and corrosion.
Scrolls
 e - a scroll of vulnerability {unknown}
 f - a scroll of enchant armour {unknown}
Potions
 g - a potion of curing {unknown}


   Skills:
 + Level 3.5 Fighting
 - Level 4.0 Throwing
 + Level 2.3 Dodging
 - Level 0.6 Stealth


You had one spell level left.
You didn't know any spells.
Your spell library contained the following spells:

 Spells                   Type           Power      Damage    Failure   Level
 Gell's Gravitas          Tloc           0%         N/A       69%         3
 Teleport Other           Tloc           0%         N/A       69%         3
 Dispersal                Tloc           0%         N/A       100%        6


Dungeon Overview and Level Annotations

Branches:
Dungeon (2/15)

Altars:


Innate Abilities, Weirdness & Mutations

You are too large for most types of armour.
You have tough skin. (AC +1)


Message History

Moving in this stuff is going to be slow.
You enter the shallow water.
Moving in this stuff is going to be slow.
h - the ring of Pueguxt {rCorr Int+6 SInv} 3 gnolls come into view.
The gnoll shouts!
You hear an angry hiss.
There are monsters nearby!
The gnoll completely misses you.
You hit the gnoll.
The gnoll is moderately wounded.
The gnoll hits you with a +0 whip.
You throw a large rock. The large rock hits the gnoll.
The gnoll is severely wounded.
The gnoll hits you with a +0 whip!
You throw a large rock. The large rock hits the gnoll.
The gnoll is moderately wounded.
An adder comes into view.
The gnoll hits you with a +0 flail!
You are too injured to fight recklessly!
Unknown command.
You are too injured to fight recklessly!
Hit: a) +0 short sword
Press: ? - help, Dir - move target, f/p - gnoll
Aim: a gnoll, wielding a +0 flail (moderately wounded, about 39% to evade your +0 short sword)
Okay, then.
You closely miss the gnoll.
The gnoll is moderately wounded.
The adder hisses angrily.
The gnoll barely misses you.
You hit the gnoll but do no damage.
The gnoll is moderately wounded.
The gnoll barely misses you. The gnoll misses you.
You hit the gnoll.
The gnoll is severely wounded.
The gnoll hits you with a +0 flail.
* * * LOW HITPOINT WARNING * * *
You hit the gnoll but do no damage.
The gnoll is severely wounded.
The gnoll hits you with a +0 flail!
You die...

#...#.#.....# #.
###.###.##.####.
##...###.....♣
##.#######♣## #.......♣
♣ #..####.♣♣♣♣ #..#
#..≈≈≈ ########## #..#
##P♣≈.
...Sggg@.####..#####♣♣♣♣
########.##...........♣
#.##.#..######.#♣
####................
...........###########.
.########### #. ##


You could see 3 gnolls and an adder.

Vanquished Creatures
  A dart slug (D:1)
  2 endoplasms (D:1)
  A goblin (D:1)
  2 jackals (D:1)
  A kobold (D:1)
  2 quokkas
  A ball python (D:1)
  2 rats (D:1)
12 creatures vanquished.

Notes
Turn   | Place    | Note
-------+----------+-------------------------------------------
     0 | D:1      | crazypyro the Ogre Hunter began the quest for the Orb.
     0 | D:1      | Reached XP level 1. HP: 22/22 MP: 1/1
   620 | D:1      | Reached XP level 2. HP: 31/31 MP: 2/2
   754 | D:1      | Found a faded altar of an unknown god.
  1299 | D:2      | Identified the ring of Pueguxt {rCorr Int+6 SInv}
  1325 | D:2      | Slain by a gnoll

Illustrated notes

Levels and vault maps discovered:
D:1:      wheals_arrival_shading, layout_basic, ebering_ecumenical_altar_rust
D:2:      layout_loops_ring, serial_bayou_crossing

Skill      XL: |  1 |
---------------+----+-----
Fighting       | 3 |  3.5
Dodging        | 2 |  2.3
Throwing       | |  4.0
Stealth        | |  0.6

Action                   || total
-------------------------++-------
Melee: Short sword       ||    28
       Punch             ||     1
Throw: Large rock        ||    11
Armor: Robe              ||     6
Dodge: Dodged            ||    18
